 Dungeon Crawl Stone Soup version 0.26-a0-771-g060e6a62af (webtiles) character file.

Game seed: 10673886511583857432

94 Queen the Skirmisher (level 4, -9/44 HPs)
             Began as a Draconian Fighter on Nov 8, 2020.
             Mangled by Terence
             ... wielding a +5 short sword of venom
              (14 damage)
             ... on level 3 of the Dungeon.
             The game lasted 00:03:26 (2251 turns).

Queen the Skirmisher (Draconian Fighter)            Turns: 2251, Time: 00:03:27

Health: -9/44      AC:  5    Str: 19    XL:     4   Next: 38%
Magic:  4/4        EV: 10    Int:  9    God:
Gold:   126        SH:  9    Dex: 10    Spells: 3/3 levels left

rFire    . . .     SeeInvis .   a - +0 long sword
rCold    . . .     Faith    .   b - +0 kite shield
rNeg     . . .     Spirit   .   (armour unavailable)
rPois    .         Reflect  .   (helmet restricted)
rElec    .         Harm     .   (no cloak)
rCorr    .         Rampage  .   (no gloves)
MR       .....                  (no boots)
Stlth    +.........             (no amulet)
HPRegen  0.14/turn              (no ring)
MPRegen  0.09/turn              (no ring)

@: mighty, slowed, very slow
A: unfitting armour, cold-blooded, AC +5
a: no special abilities


You were on level 3 of the Dungeon.
You visited 1 branch of the dungeon, and saw 3 of its levels.

You collected 126 gold pieces.

Inventory:

Hand Weapons
 a - a +0 long sword (weapon)
Armour
 b - a +0 kite shield (worn)
Jewellery
 h - an uncursed ring of fire {unknown}
Scrolls
 d - 2 scrolls of remove curse {unknown}
 e - 2 scrolls of amnesia {unknown}
 i - a scroll of blinking {unknown}
 j - a scroll of immolation {unknown}
 k - 2 scrolls of enchant armour {unknown}
Potions
 c - a potion of might
 g - a potion of curing {unknown}
 l - a potion of resistance {unknown}
 m - a potion of lignification {unknown}


   Skills:
 * Level 5.8 Fighting
 - Level 2.0 Long Blades
 - Level 2.6 Dodging
 - Level 3.0 Shields


You had 3 spell levels left.
You didn't know any spells.
Your spell library was empty.

Dungeon Overview and Level Annotations

Branches:
Dungeon (3/15)

Altars:
Cheibriados
Uskayaw

Annotations:
D:3 Terence


Innate Abilities, Weirdness & Mutations

Your plain brown scales are hard. (AC +5)
You cannot fit into any form of body armour.
You are cold-blooded and may be slowed by cold attacks.


Message History

You have reached level 4!
You feel clever.
Throwing (i - inventory)
f - a throwing net (quivered)
Press: ? - help, Shift-Dir - straight line, f - Terence
Aim: Terence, wielding a +5 short sword of venom and wearing a +0 scale mail (strong)
You throw a throwing net. The throwing net barely misses Terence.
The throwing net hits the worm.
The worm is caught in the net!
Terence closely misses you.
The worm struggles against the net.
Terence screams, "I want your blood!" You block Terence's attack.
The worm struggles against the net.
Press: ? - help, v - describe, . - travel
Here: Terence, wielding a +5 short sword of venom and wearing a +0 scale mail (strong)
The floor.
Terence closely misses you.
The worm struggles against the net.
The worm struggles against the net.
You block Terence's attack.
The worm struggles against the net.
Terence closely misses you.
Terence hits you with a +5 short sword of venom!
You die...

#.# #.# #.#
#.# #.# #.#
#.####
#@...#
#@...#
#....#
#.#### #.#
#.#
#.#########
#.#.......#
#.#.#####.#
#.#.#
#.######


You could see Terence (strong).

Vanquished Creatures
  An orc wizard (D:3)
  An adder (D:2)
  2 worms
  A dart slug (D:2)
  A leopard gecko (D:2)
  3 orcs (D:3)
  2 ball pythons
  2 giant cockroaches (D:1)
  4 goblins
  4 hobgoblins
  2 jackals (D:1)
  5 bats
  3 frilled lizards
  7 kobolds
  9 rats
47 creatures vanquished.

Notes
Turn   | Place    | Note
-------+----------+-------------------------------------------
     0 | D:1      | Queen the Draconian Fighter began the quest for the Orb.
     0 | D:1      | Reached XP level 1. HP: 19/19 MP: 1/1
   154 | D:1      | Reached XP level 2. HP: 19/27 MP: 2/2
   155 | D:1      | Reached skill level 4 in Fighting
  1359 | D:2      | Reached XP level 3. HP: 31/34 MP: 3/3
  1369 | D:2      | Found a snail-covered altar of Cheibriados.
  1601 | D:2      | Reached skill level 5 in Fighting
  2178 | D:3      | Found a hide-covered altar of Uskayaw.
  2236 | D:3      | Noticed Terence
  2242 | D:3      | Reached XP level 4. HP: 3/44 MP: 4/4
  2251 | D:3      | Mangled by Terence

Illustrated notes

Levels and vault maps discovered:
D:1:      shiori_shiawase, layout_loops_corners, serial_forest,
          infiniplex_forest_lined_1, infiniplex_forest_split,
          infiniplex_forest_lined_4_way, infiniplex_forest_clump_curved,
          infiniplex_forest_straight_2, infiniplex_forest_clump_small,
          infiniplex_forest_lined_ring, infiniplex_forest_straight_1,
          infiniplex_forest_diagonal
D:2:      layout_basic, cheibriados_altar_1
D:3:      layout_basic, overflow_temple_1_default,
          nicolae_overflow_hidden_temple, uniq_terence

Skill      XL: |  1  2  3 |
---------------+----------+-----
Fighting       | 4 5 |  5.8
Long Blades    | |  2.0
Dodging        | |  2.6
Shields        | |  3.0

Action                   |  1- 3 |  4- 6 || total
-------------------------+-------+-------++-------
Melee: Long sword        |   142 |       ||   142
       Tailslap          |    15 |       ||    15
Throw: Throwing net      |       |     1 ||     1
  Use: Potion            |     1 |       ||     1
 Stab: Sleeping          |     1 |       ||     1
Armor: Skin              |    33 |       ||    33
Dodge: Dodged            |    49 |     3 ||    52
Block: Kite shield       |    57 |     2 ||    59
       Rpst.: Long sword |    19 |       ||    19

Table legend: (Time is in decaauts)
 A = Elapsed time spent in this place.
 B = Non-inter-level travel time spent in this place.
 C = Inter-level travel time spent in this place.
 D = Time resting spent in this place.
 E = Time spent auto-exploring this place.
 F = Levels seen in this place.
 G = Mean time per level.
                   A        B        C        D        E       F      G
               +--------+--------+--------+--------+--------+-----+--------+
         Total |   2312 |   2220 |     92 |    176 |   1685 |   3 |  770.7 |
       Dungeon |   2312 |   2220 |     92 |    176 |   1685 |   3 |  770.7 |
               +--------+--------+--------+--------+--------+-----+--------+

Top non-repeatable levels by time:
     D:1: 1193 daAuts
     D:2: 743 daAuts
     D:3: 375 daAuts
